 Dungeon Crawl Stone Soup version 0.27-a0-1332-g84bddb5ca7 (webtiles) character file.

Game seed: 2431069407509809137

20923 Demosthentine the Spear-Bearer (level 12, -7/100 HPs)
             Began as a Merfolk Gladiator on June 26, 2021.
             Was an Elder of the Shining One.
             Mangled by a large slime creature (34 damage)
             ... on level 13 of the Dungeon.
             The game lasted 00:10:37 (13290 turns).

Demosthentine the Spear-Bearer (Merfolk Gladiator) Turns: 13290, Time: 00:10:37

Health: -7/100     AC:  9    Str: 19    XL:     12   Next: 84%
Magic:  14/14      EV: 23    Int:  7    God:    the Shining One [****..]
Gold:   1068       SH:  0    Dex: 23    Spells: 11/11 levels left

rFire    + . .     SeeInvis .   b - +10 glaive of Amarupoe {speed, rF+ rC- Will+ Str+3}
rCold    . . .     Faith    .   (shield currently unavailable)
rNeg     + + +     Spirit   .   g - +2 leather armour {rPois}
rPois    +         Reflect  .   y - +1 helmet of Transparent Freedom {Dex+4}
rElec    .         Harm     .   (no cloak)
rCorr    .         Rampage  .   x - +0 pair of gloves
Will     +....                  (no boots)
Stlth    +.........             m - amulet of magic regeneration
HPRegen  0.26/turn              e - ring of positive energy
MPRegen  0.39/turn              A - ring of positive energy

@: glowing
A: (nimble swimmer 2), mertail, cold resistance 1, low mp 1
a: Renounce Religion, Divine Shield, Cleansing Flame


You were on level 13 of the Dungeon.
You worshipped the Shining One.
The Shining One was greatly pleased with you.
You visited 2 branches of the dungeon, and saw 14 of its levels.

You collected 1068 gold pieces.

Inventory:

Hand Weapons
 a - a +1 trident of flaming
 b - the +10 glaive of Amarupoe (weapon) {speed, rF+ rC- Will+ Str+3}
   (You acquired it on level 2 of the Dungeon)

   Attacks with this weapon are significantly faster.
   It affects your strength (+3).
   It protects you from fire.
   It makes you vulnerable to cold.
   It increases your willpower.
Missiles
 d - 3 throwing nets (quivered)
Armour
 g - a +2 leather armour of poison resistance (worn)
 x - a +0 pair of gloves (worn)
 y - the +1 helmet of Transparent Freedom (worn) {Dex+4}
   (You found it on level 9 of the Dungeon)

   It affects your dexterity (+4).
Jewellery
 e - a ring of positive energy (left hand)
 h - a ring of fire
 m - an amulet of magic regeneration (around neck)
 A - a ring of positive energy (right hand)
Wands
 c - a wand of acid (24)
 u - a wand of flame (14)
 v - a wand of iceblast (12)
 C - a wand of digging (7)
 D - a wand of mindburst (23)
Scrolls
 k - 3 scrolls of enchant armour
 n - 7 scrolls of teleportation
 o - 2 scrolls of amnesia
 p - 6 scrolls of enchant weapon
 s - 2 scrolls of vulnerability
 w - 3 scrolls of fear
 z - a scroll of blinking
 B - 2 scrolls of identify
 F - a scroll of summoning
Potions
 f - 3 potions of lignification
 i - a potion of heal wounds
 j - a potion of cancellation
 l - a potion of attraction
 q - 2 potions of flight
 r - 2 potions of resistance
 t - 6 potions of curing


   Skills:
 + Level 11.6 Fighting
 + Level 14.8 Polearms
 - Level 2.0 Throwing
 - Level 7.0 Armour
 + Level 13.7 Dodging
 + Level 5.6 Invocations


You had 11 spell levels left.
You didn't know any spells.
Your spell library contained the following spells:

 Spells                   Type           Power      Damage    Failure   Level
 Beastly Appendage        Tmut           0%         N/A       47%         1
 Corona                   Hex            0%         N/A       47%         1
 Foxfire                  Conj/Fire      0%         2x1d4     47%         1
 Shock                    Conj/Air       0%         1d3       47%         1
 Call Imp                 Summ           0%         N/A       63%         2
 Ensorcelled Hibernation  Hex/Ice        0%         N/A       63%         2
 Static Discharge         Conj/Air       0%         N/A       63%         2
 Wereblood                Tmut           0%         N/A       63%         2
 Confusing Touch          Hex            0%         N/A       85%         3
 Dazzling Flash           Conj/Hex       0%         N/A       85%         3
 Gell's Gravitas          Tloc           0%         N/A       85%         3
 Ozocubu's Armour         Ice            0%         N/A       85%         3
 Spider Form              Tmut/Pois      0%         N/A       85%         3
 Swiftness                Air            0%         N/A       85%         3
 Tukima's Dance           Hex            0%         N/A       85%         3
 Airstrike                Air            0%         N/A       99%         4
 Cause Fear               Hex            0%         N/A       99%         4
 Ice Form                 Ice/Tmut       0%         N/A       99%         4
 Petrify                  Tmut/Erth      0%         N/A       99%         4
 Summon Lightning Spire   Summ/Air       0%         N/A       99%         4
 Lightning Bolt           Conj/Air       0%         1d11      100%        5
 Metabolic Englaciation   Hex/Ice        0%         N/A       100%        5
 Yara's Violent Unravell  Hex/Tmut       0%         3d3       100%        5
 Dragon Form              Tmut           0%         N/A       100%        7
 Dragon's Call            Summ           0%         N/A       100%        9


Dungeon Overview and Level Annotations

Branches:
Dungeon (13/15)            Temple (1/1) D:6            Lair (0/6) D:8
    Orc (0/2) D:10
 Vaults: D:13-14

Altars:
Ashenzari
Cheibriados
Dithmenos
Elyvilon
Fedhas
Gozag
Hepliaklqana
Kikubaaqudgha
Makhleb
Nemelex Xobeh
Okawaru
Qazlal
Ru
Sif Muna
Trog
Uskayaw
Vehumet
Wu Jian
Xom
Yredelemnul
Zin
The Shining One

Shops:
D:10 (


Innate Abilities, Weirdness & Mutations

((You are quick and stealthy near water. (Stealth+, EV+, Speed+++)))
Your lower body shifts to a powerful aquatic tail in water.
Your flesh is cold resistant. (rC+)
Your magical capacity is low. (-10% MP)


Message History

You throw a throwing net.
The throwing net hits the enormous slime creature.
The enormous slime creature is caught in the net!
The enormous slime creature is severely wounded.
You slash the enormous slime creature!
The enormous slime creature is severely wounded.
The enormous slime creature struggles against the net.
You slash the enormous slime creature!
The enormous slime creature is severely wounded.
An enormous slime creature splits.
The large slime creature struggles against the net.
You slice the large slime creature!!
The large slime creature is almost dead.
You carve the large slime creature like a ham!!!
You kill the large slime creature!
A large slime creature splits.
Unknown command.
You hit the slime creature.
The slime creature is almost dead.
The slime creature hits you!
* * * LOW HITPOINT WARNING * * *
Unknown command.
You slash the slime creature!
You kill the slime creature!
The slime creature hits you!
* * * LOW HITPOINT WARNING * * *
Unknown command.
You slice the slime creature!!
You kill the slime creature!
The slime creature closely misses you.
Two slime creatures merge to form a large slime creature.
You feel much better.
You slice the large slime creature like a ripe choko!!!
The large slime creature is moderately wounded.
You slice the large slime creature!!
The large slime creature is heavily wounded.
You slash the large slime creature!
The large slime creature is severely wounded.
The large slime creature hits you!!
You die...

#............#........#
#............#........#
####...#########...##..##
#...#######...##########
##.......#.....#....#
#.......#.....#....#
#.......#.....#....#
#.......#.....#....#
#.......#.[..@#....#
#.......'.....J....#
#.......#.....#....#
##...##.##.####..$##
########### ###.... ...##
..# ..# ##


You could see a large slime creature.

Vanquished Creatures
  A hydra (D:12)
  A boulder beetle (D:11)
  A centaur warrior (D:9)
  5 two-headed ogres
  A deep elf pyromancer (D:11)
  3 ugly things
  2 cyclopes (D:9)
  4 centaur zombies
  The ghost of mojowtm the Ducker, a novice TeMo (D:9)
  Joseph (D:7)
  A gargoyle (D:12)
  Maggie (D:9)
  An efreet (D:9)
  2 komodo dragons
  5 trolls
  Grinder (D:3)
  Prince Ribbit (D:9)
  7 slime creatures
  A shadow (D:12)
  A centaur simulacrum (D:12)
  A wyvern (D:9)
  Sigmund (D:3)
  A wraith (D:8)
  11 yaks
  4 vampire mosquitoes (D:12)
  A steam dragon (D:7)
  An acid dragon (D:12)
  2 water moccasins (D:7)
  8 orc warriors
  2 ice beasts
  A necrophage (D:7)
  2 ogres (D:5)
  7 centaurs
  A phantom (D:5)
  A kobold brigand (D:11)
  3 bullfrogs
  2 wyvern zombies
  A gnoll sergeant (D:9)
  2 scorpions
  A water moccasin skeleton (D:6)
  16 killer bees
  3 wights (D:7)
  7 howler monkeys
  2 bullfrog zombies (D:5)
  A bullfrog skeleton (D:5)
  3 jellies
  An orc priest (D:7)
  4 hounds
  Jessica (D:3)
  3 iguanas
  11 orc wizards
  Natasha (thrice) (D:3)
  A hound skeleton (D:5)
  2 howler monkey zombies (D:9)
  A gnoll (D:7)
  11 adders
  A shadow imp (D:5)
  A white imp (D:6)
  3 worms
  2 dart slugs (D:2)
  33 orcs
  6 ball pythons
  5 endoplasms
  2 giant cockroaches (D:3)
  6 goblins
  10 hobgoblins
  2 jackals (D:2)
  2 quokkas
  8 bats
  4 frilled lizards
  9 kobolds
  7 rats
265 creatures vanquished.

Vanquished Creatures (others)
  A human (D:13)
1 creature vanquished.

Grand Total: 266 creatures vanquished

Notes
Turn   | Place    | Note
-------+----------+-------------------------------------------
     0 | D:1      | Demosthentine the Merfolk Gladiator began the quest for the
                  | Orb.
     0 | D:1      | Reached XP level 1. HP: 16/16 MP: 1/1
   294 | D:1      | Reached XP level 2. HP: 23/23 MP: 2/2
   679 | D:1      | Reached XP level 3. HP: 28/28 MP: 3/3
   934 | D:1      | Found a faded altar of an unknown god.
  1451 | D:2      | Reached skill level 5 in Polearms
  1454 | D:2      | Reached skill level 1 in Armour
  1734 | D:2      | Reached XP level 4. HP: 27/35 MP: 4/4
  2339 | D:2      | Identified a scroll of acquirement
  2339 | D:2      | Acquired the +10 glaive of Amarupoe {speed, rF+ rC- Will+
                  | Str+3}
  2369 | D:3      | Noticed Grinder
  2375 | D:3      | Killed Grinder
  2376 | D:3      | Reached skill level 6 in Polearms
  2376 | D:3      | Reached skill level 5 in Dodging
  2376 | D:3      | Reached XP level 5. HP: 39/42 MP: 5/5
  2376 | D:3      | Reached XP level 6. HP: 45/48 MP: 6/6
  2402 | D:3      | Noticed Jessica
  2407 | D:3      | Killed Jessica
  2582 | D:3      | Noticed Natasha
  2589 | D:3      | Killed Natasha
  2603 | D:3      | Noticed Natasha
  2609 | D:3      | Killed Natasha
  2620 | D:3      | Found a glowing golden altar of the Shining One.
  2627 | D:3      | Became a worshipper of the Shining One
  2655 | D:3      | Found a blossoming altar of Fedhas.
  2655 | D:3      | Found a burning altar of Makhleb.
  2661 | D:3      | Noticed Sigmund
  2666 | D:3      | Killed Sigmund
  2667 | D:3      | Reached XP level 7. HP: 39/55 MP: 7/7
  2676 | D:3      | Reached skill level 7 in Polearms
  2942 | D:3      | Noticed Natasha
  2948 | D:3      | Killed Natasha
  3658 | D:5      | Entered Level 5 of the Dungeon
  3726 | D:5      | Reached skill level 5 in Fighting
  3832 | D:5      | Found an iron altar of Okawaru.
  3846 | D:5      | Found a shimmering blue altar of Sif Muna.
  3852 | D:5      | Reached XP level 8. HP: 62/62 MP: 8/8
  3858 | D:5      | Reached * piety under the Shining One
  3861 | D:5      | Reached skill level 8 in Polearms
  4294 | D:5      | Identified Hecwasm's Guide on the Supportive Frostbite
  4493 | D:6      | Reached skill level 9 in Polearms
  4573 | D:6      | Reached XP level 9. HP: 71/71 MP: 9/9
  4701 | D:6      | Found a staircase to the Ecumenical Temple.
  4804 | Temple   | Entered the Ecumenical Temple
  6415 | D:7      | Reached ** piety under the Shining One
  6420 | D:7      | Reached skill level 10 in Polearms
  6557 | D:7      | Noticed Joseph
  6570 | D:7      | Killed Joseph
  7395 | D:8      | Reached skill level 5 in Armour
  7475 | D:8      | Reached XP level 10. HP: 78/80 MP: 10/10
  7552 | D:8      | Reached skill level 10 in Dodging
  8015 | D:8      | Found a staircase to the Lair.
  8072 | D:8      | Reached skill level 11 in Polearms
  8742 | D:9      | Noticed a cyclops
  8746 | D:9      | Noticed mojowtm's ghost (novice TeMo)
  8808 | D:9      | Identified the +1 helmet of Transparent Freedom {Dex+4}
  8825 | D:9      | Noticed a cyclops
  8828 | D:9      | Killed a cyclops
  8881 | D:9      | Found a transporter.
  8899 | D:9      | Noticed Prince Ribbit
  8917 | D:9      | Killed Prince Ribbit
  9325 | D:9      | Found a transporter.
  9329 | D:9      | Noticed a two-headed ogre
  9331 | D:9      | Reached skill level 12 in Polearms
  9331 | D:9      | Noticed a centaur warrior
  9440 | D:9      | Noticed Maggie
  9443 | D:9      | Killed Maggie
  9527 | D:9      | Reached XP level 11. HP: 89/89 MP: 11/11
  9624 | D:9      | Killed a cyclops
  9635 | D:9      | Killed a centaur warrior
  9698 | D:9      | Killed mojowtm's ghost
  9703 | D:9      | Killed a two-headed ogre
  9881 | D:10     | Entered Level 10 of the Dungeon
  9906 | D:10     | Reached *** piety under the Shining One
  9954 | D:10     | Reached skill level 10 in Fighting
  9966 | D:10     | Reached skill level 13 in Polearms
 10057 | D:10     | Found a staircase to the Orcish Mines.
 10059 | D:10     | Found Lienacwe's Weapon Shoppe.
 10433 | D:10     | Noticed a purple ugly thing
 10441 | D:10     | Killed a purple ugly thing
 10829 | D:11     | Noticed a two-headed ogre
 10835 | D:11     | Killed a two-headed ogre
 10836 | D:11     | Reached skill level 1 in Invocations
 10984 | D:11     | Noticed a two-headed ogre
 10989 | D:11     | Killed a two-headed ogre
 11304 | D:11     | Noticed a deep elf pyromancer
 11308 | D:11     | Killed a deep elf pyromancer
 11309 | D:11     | Reached XP level 12. HP: 99/99 MP: 13/13
 11479 | D:11     | Noticed a boulder beetle
 11499 | D:11     | Killed a boulder beetle
 11802 | D:11     | Gained mutation: Your magical capacity is low. (-10% MP)
                  | [potion of mutation]
 11802 | D:11     | Gained mutation: You are frail. (-10% HP) [potion of
                  | mutation]
 11802 | D:11     | Gained mutation: You expend magic power (3 MP) to
                  | strengthen your wands. [potion of mutation]
 11803 | D:11     | Lost mutation: You are frail. (-10% HP) [potion of
                  | mutation]
 11803 | D:11     | Lost mutation: You expend magic power (3 MP) to strengthen
                  | your wands. [potion of mutation]
 11803 | D:11     | Gained mutation: Your flesh is cold resistant. (rC+)
                  | [potion of mutation]
 11875 | D:12     | Noticed a two-headed ogre
 11881 | D:12     | Killed a two-headed ogre
 11886 | D:12     | Reached skill level 14 in Polearms
 12662 | D:12     | Noticed a two-headed ogre
 12667 | D:12     | Killed a two-headed ogre
 12680 | D:12     | Noticed a five-headed hydra
 12690 | D:12     | Killed a seven-headed hydra
 12703 | D:12     | Reached skill level 5 in Invocations
 12837 | D:12     | Reached **** piety under the Shining One
 13290 | D:13     | Mangled by a large slime creature

Illustrated notes

Levels and vault maps discovered:
D:1:      minmay_arrival_floating_metal, layout_loops_ring,
          shapermc_ecumenical_altar_flowoftime, chequers_hall_statues_wall_a
D:2:      layout_loops_ring
D:3:      layout_rooms, tso_altar, gammafunk_temple_overflow_wave, uniq_natasha,
          uniq_sigmund, uniq_grinder, uniq_jessica
D:4:      layout_rooms, minmay_hedge_maze
D:5:      layout_basic, kennysheep_mini_moat, dk_noncrumbling_2,
          minmay_ruined_shrine
D:6:      layout_cave_pods, minmay_temple_entry_sparse_star
D:7:      layout_loops_corners, kennysheep_generic_room_9, uniq_joseph
D:8:      layout_basic, lair_entry_dummy, nicolae_underground_beach
D:9:      layout_basic, nzn_ghost_randoct, kennysheep_flooded_box,
          minmay_radiant, uniq_maggie, uniq_prince_ribbit1
D:10:     layout_small_grid, orc_david_3
D:11:     layout_stronghold
D:12:     minmay_open_boxes_in_corner, layout_gridville
D:13:     layout_gridville, ximxim_vaults_locker_room,
          gammafunk_ghost_mausoleum, portal_ice_cave_entry_imps, serial_shops,
          bzr_entry_islet
Temple:   dpeg_five_rooms_temple

Skill      XL: |  1  2  3  4  5  6  7  8  9 10 11 12 |
---------------+-------------------------------------+-----
Polearms       | 5 6 7 9 10 12 13 14 | 14.8
Armour         | 1 2 3 4 5 6 7 |  7.0
Fighting       | 3 4 5 6 7 9 10 11 | 11.6
Dodging        | 5 6 7 8 9 11 12 13 | 13.7
Invocations    | 2 5 |  5.6
Throwing       | |  2.0

Action                   |  1- 3 |  4- 6 |  7- 9 | 10-12 || total
-------------------------+-------+-------+-------+-------++-------
Melee: Trident           |   117 |    57 |       |     7 ||   181
       Glaive            |       |    37 |   182 |   360 ||   579
Throw: Throwing net      |       |       |     3 |     1 ||     4
  Use: Scroll            |     3 |     4 |    11 |     4 ||    22
       Potion            |       |       |     1 |    10 ||    11
 Stab: Distracted        |     1 |       |       |       ||     1
       Sleeping          |       |     1 |       |       ||     1
Armor: Leather armour    |    18 |    19 |    27 |    51 ||   115
Dodge: Dodged            |    52 |    50 |    71 |   226 ||   399

Table legend: (Time is in decaauts)
 A = Elapsed time spent in this place.
 B = Non-inter-level travel time spent in this place.
 C = Inter-level travel time spent in this place.
 D = Time resting spent in this place.
 E = Time spent auto-exploring this place.
 F = Levels seen in this place.
 G = Mean time per level.
                   A        B        C        D        E       F      G
               +--------+--------+--------+--------+--------+-----+--------+
         Total |  13157 |  12485 |    672 |     22 |  10903 |  14 |  939.8 |
       Dungeon |  12895 |  12223 |    672 |     22 |  10691 |  13 |  991.9 |
        Temple |    261 |    261 |      0 |      0 |    212 |   1 |  261.0 |
               +--------+--------+--------+--------+--------+-----+--------+

Top non-repeatable levels by time:
     D:7: 1651 daAuts
    D:12: 1330 daAuts
     D:2: 1257 daAuts
     D:1: 1191 daAuts
     D:9: 1114 daAuts
    D:11: 1112 daAuts
     D:8: 1062 daAuts
     D:6: 966 daAuts
     D:5: 929 daAuts
    D:10: 832 daAuts
     D:3: 695 daAuts
     D:4: 685 daAuts
  Temple: 261 daAuts
    D:13: 63 daAuts
